BSA
SAN FRANCISCO BANDITS @ MAUI TROPICS
04/03/2024
 
TOP OF THE 1ST
San Francisco Bandits batting - Pitching for Maui Tropics : RHP Norman White
Pitching: RHP Norman White
Batting: RHB Pete Rideout 0-0: Foul Ball, location: 2F
0-1: Called Strike
0-2: Ball
1-2: Foul Ball, location: 2F
1-2: Foul Ball, location: 2F
1-2: Strikes out swinging
Batting: RHB Ramón Ruíz 0-0: Ball
1-0: Ball
2-0: Swinging Strike
2-1: Called Strike
2-2: Strikes out looking
Batting: LHB Francisco Calderón 0-0: SOLO HOME RUN (Line Drive, 9D), Distance : 354 ft
Batting: RHB Cory Foster 0-0: Ball
1-0: Called Strike
1-1: Swinging Strike
1-2: Strikes out looking
Top of the 1st over - 1 run(s), 1 hit(s), 0 error(s), 0 left on base; San Francisco 1 - Maui 0
BOTTOM OF THE 1ST
Maui Tropics batting - Pitching for San Francisco Bandits : LHP António Coronado
Pitching: LHP António Coronado
Batting: RHB Armando Martínez 0-0: Ball
1-0: SINGLE (Flyball, 9S)
Batting: RHB Jesús Espinoza 0-0: Ball
1-0: Swinging Strike
1-1: Called Strike
1-2: Ground out 5-3 (Groundball, 56S)
Armando Martínez to second
Batting: LHB Luis Antonio Torres 0-0: Ball
1-0: Ball
2-0: Fly out, F7 (Flyball, 7S)
Batting: RHB Ximena Campos 0-0: Called Strike
0-1: Ball
1-1: Ground out 6-3 (Groundball, 6)
Bottom of the 1st over - 0 run(s), 1 hit(s), 0 error(s), 1 left on base; San Francisco 1 - Maui 0
TOP OF THE 2ND
San Francisco Bandits batting - Pitching for Maui Tropics : RHP Norman White
Batting: LHB John Peterson 0-0: Ball
1-0: Called Strike
1-1: Fly out, F9 (Flyball, 9D)
Batting: RHB Michael Elliott 0-0: Foul Ball, location: 2F
0-1: Called Strike
0-2: SINGLE (Flyball, 4MD)
Batting: RHB Susumu Sugiyama 0-0: Called Strike
Michael Elliott is caught stealing 2nd base
0-1: Ground out 5-3 (Groundball, 5)
Top of the 2nd over - 0 run(s), 1 hit(s), 0 error(s), 0 left on base; San Francisco 1 - Maui 0
BOTTOM OF THE 2ND
Maui Tropics batting - Pitching for San Francisco Bandits : LHP António Coronado
Batting: RHB Phil White 0-0: Called Strike
0-1: Ball
1-1: Ball
2-1: Swinging Strike
2-2: Ball
3-2: Strikes out swinging
Batting: RHB Pat Haynes 0-0: Ball
1-0: Ball
2-0: Called Strike
2-1: Swinging Strike
2-2: Foul Ball, location: 2F
2-2: Foul Ball, location: 2F
2-2: Foul Ball, location: 2F
2-2: Foul Ball, location: 2F
2-2: Ground out 5-3 (Groundball, 56)
Batting: LHB Javier Espinoza 0-0: Called Strike
0-1: Called Strike
0-2: Strikes out swinging
Bottom of the 2nd over - 0 run(s), 0 hit(s), 0 error(s), 0 left on base; San Francisco 1 - Maui 0
TOP OF THE 3RD
San Francisco Bandits batting - Pitching for Maui Tropics : RHP Norman White
Now at 3B: Enrique Flores
Batting: RHB Jorge Díaz 0-0: Ball
1-0: SINGLE (Groundball, 6MD) (infield hit)
Batting: LHB Charles-Antoine Champagne 0-0: Ball
1-0: Ball
2-0: Ground out 5-3 (Groundball, 5S)
Jorge Díaz to second
Batting: RHB Pete Rideout 0-0: Foul Ball, location: 2F
0-1: Called Strike
0-2: Foul Ball, location: 2F
0-2: Ball
1-2: Ball
2-2: Ball
3-2: SINGLE (Flyball, 78S)
Jorge Díaz to third
Batting: RHB Ramón Ruíz 0-0: Called Strike
Pete Rideout steals 2nd base
0-1: Called Strike
0-2: Ball
1-2: Foul Ball, location: 2F
1-2: Foul Ball, location: 2F
1-2: Strikes out looking
Batting: LHB Francisco Calderón 0-0: Foul Ball, location: 2F
0-1: Ball
1-1: Swinging Strike
1-2: Strikes out swinging
Top of the 3rd over - 0 run(s), 2 hit(s), 0 error(s), 2 left on base; San Francisco 1 - Maui 0
BOTTOM OF THE 3RD
Maui Tropics batting - Pitching for San Francisco Bandits : LHP António Coronado
Batting: LHB Mario Olivares 0-0: Ball
1-0: Called Strike
1-1: Ball
2-1: Ground out 1-3 (Groundball, 13)
Batting: LHB Doyle Otterburn 0-0: Ball
1-0: Called Strike
1-1: Ball
2-1: Swinging Strike
2-2: Ball
3-2: Base on Balls
Batting: RHB Armando Martínez 0-0: SINGLE (Groundball, 4D)
Doyle Otterburn to second
Throwing error, E9
Doyle Otterburn scores
Armando Martínez to second
Batting: RHB Enrique Flores 0-0: Called Strike
0-1: Fly out, F8 (Flyball, 8RM)
Batting: LHB Luis Antonio Torres 0-0: Called Strike
0-1: Ball
1-1: Foul Ball, location: 2F
1-2: Foul Ball, location: 2F
1-2: Ball
2-2: Strikes out swinging
Bottom of the 3rd over - 1 run(s), 1 hit(s), 1 error(s), 1 left on base; San Francisco 1 - Maui 1
TOP OF THE 4TH
San Francisco Bandits batting - Pitching for Maui Tropics : RHP Norman White
Batting: RHB Cory Foster 0-0: Ball
1-0: Ball
2-0: Ball
3-0: Base on Balls
Batting: LHB John Peterson 0-0: Ball
1-0: Foul Ball, location: 2F
1-1: Called Strike
1-2: Ball
2-2: Ball
3-2: Foul Ball, location: 2F
3-2: Foul Ball, location: 2F
3-2: Foul Ball, location: 2F
3-2: Base on Balls
Cory Foster to second
Batting: RHB Michael Elliott 0-0: Foul Ball, location: 2F
0-1: Ball
1-1: Grounds into double play, 6-4-3 (Groundball, 6)
Cory Foster to third
Batting: RHB Susumu Sugiyama 0-0: Ball
1-0: Ball
2-0: Called Strike
2-1: Foul Ball, location: 2F
2-2: Fly out, F2 (Popup, 23F)
Top of the 4th over - 0 run(s), 0 hit(s), 0 error(s), 1 left on base; San Francisco 1 - Maui 1
BOTTOM OF THE 4TH
Maui Tropics batting - Pitching for San Francisco Bandits : LHP António Coronado
Batting: RHB Ximena Campos 0-0: Called Strike
0-1: Ground out 6-3 (Groundball, 6)
Batting: RHB Phil White 0-0: Called Strike
0-1: SINGLE (Line Drive, 6)
Batting: RHB Pat Haynes 0-0: Ball
1-0: Fly out, F4 (Popup, 34D)
Batting: LHB Javier Espinoza 0-0: Called Strike
0-1: Ball
1-1: Foul Ball, location: 2F
1-2: Ground out 4-3 (Groundball, 4)
Bottom of the 4th over - 0 run(s), 1 hit(s), 0 error(s), 1 left on base; San Francisco 1 - Maui 1
TOP OF THE 5TH
San Francisco Bandits batting - Pitching for Maui Tropics : RHP Norman White
Batting: RHB Jorge Díaz 0-0: Swinging Strike
0-1: Swinging Strike
0-2: Ball
1-2: SINGLE (Groundball, 6MD)
Batting: LHB Charles-Antoine Champagne 0-0: Swinging Strike
0-1: Called Strike
0-2: Foul Ball, location: 2F
0-2: Foul Ball, location: 2F
0-2: Strikes out swinging
Batting: RHB Pete Rideout 0-0: Ball
Jorge Díaz is caught stealing 2nd base
1-0: Called Strike
1-1: Swinging Strike
1-2: Ball
2-2: Fly out, F7 (Flyball, 78XD)
Top of the 5th over - 0 run(s), 1 hit(s), 0 error(s), 0 left on base; San Francisco 1 - Maui 1
BOTTOM OF THE 5TH
Maui Tropics batting - Pitching for San Francisco Bandits : LHP António Coronado
Batting: LHB Mario Olivares 0-0: Ball
1-0: Foul Ball, location: 2F
1-1: Swinging Strike
1-2: Ball
2-2: Fly out, F7 (Flyball, 7LM)
Batting: LHB Doyle Otterburn 0-0: Foul Ball, location: 2F
0-1: Ball
1-1: Called Strike
1-2: SINGLE (Groundball, 5D)
Batting: RHB Armando Martínez 0-0: Ball
1-0: Foul Ball, location: 2F
1-1: Ball
2-1: Swinging Strike
2-2: Ball
3-2: Base on Balls
Doyle Otterburn to second
Batting: RHB Enrique Flores 0-0: Ball
1-0: Ball
2-0: Ball
3-0: Base on Balls
Doyle Otterburn to third
Armando Martínez to second
Batting: LHB Luis Antonio Torres 0-0: SINGLE (Line Drive, 34)
Doyle Otterburn scores
Armando Martínez to third
Enrique Flores to second
Runner from 3rd tries for Home, throw and OUT!
Batting: RHB Ximena Campos 0-0: Fielders Choice at 2nd, 6-4 (Groundball, 6)
Bottom of the 5th over - 1 run(s), 2 hit(s), 0 error(s), 1 left on base; San Francisco 1 - Maui 2
TOP OF THE 6TH
San Francisco Bandits batting - Pitching for Maui Tropics : RHP Norman White
Pitching: RHP Dave Powers
Batting: RHB Ramón Ruíz 0-0: Fly out, F8 (Flyball, 8RS)
Batting: LHB Francisco Calderón 0-0: Foul Ball, location: 2F
0-1: Ball
1-1: Foul Ball, location: 2F
1-2: Ground out 6-3 (Groundball, 6)
Batting: RHB Cory Foster 0-0: DOUBLE (Line Drive, 5D)
Batting: LHB John Peterson 0-0: Ball
1-0: Ball
2-0: Ball
3-0: Base on Balls
Batting: RHB Michael Elliott 0-0: Ball
1-0: SINGLE (Line Drive, 7S)
Cory Foster to third
John Peterson to second
Runner from 3rd tries for Home, SAFE, no throw or cutoff
Batting: RHB Susumu Sugiyama 0-0: Called Strike
0-1: Fielders Choice at 2nd, U4 (Groundball, 4M)
Top of the 6th over - 1 run(s), 2 hit(s), 0 error(s), 2 left on base; San Francisco 2 - Maui 2
BOTTOM OF THE 6TH
Maui Tropics batting - Pitching for San Francisco Bandits : LHP António Coronado
Batting: RHB Phil White 0-0: Foul Ball, location: 2F
0-1: Ball
1-1: Ball
2-1: Foul Ball, location: 2F
2-2: DOUBLE (Flyball, 8RXD)
Batting: RHB Pat Haynes 0-0: Intentional Walk
Pitching: RHP Mal Park
Batting: LHB Javier Espinoza 0-0: Ball
1-0: Ball
2-0: Ball
3-0: Base on Balls
Phil White to third
Pat Haynes to second
Batting: LHB Mario Olivares 0-0: Called Strike
0-1: Swinging Strike
0-2: Ball
1-2: Ball
2-2: Foul Ball, location: 2F
2-2: Ball
3-2: Foul Ball, location: 2F
3-2: Grounds into fielders choice 4-2 (Groundball, 4)
Pat Haynes to third
Javier Espinoza to second
Batting: LHB Doyle Otterburn 0-0: Ball
1-0: Fly out, F4 (Popup, 34D)
Batting: RHB Armando Martínez 0-0: Called Strike
0-1: Called Strike
0-2: Fielders Choice at 2nd, 5-4 (Groundball, 56)
Bottom of the 6th over - 0 run(s), 1 hit(s), 0 error(s), 2 left on base; San Francisco 2 - Maui 2
TOP OF THE 7TH
San Francisco Bandits batting - Pitching for Maui Tropics : RHP Dave Powers
Batting: RHB Jorge Díaz 0-0: Called Strike
0-1: Ball
1-1: Ball
2-1: SINGLE (Line Drive, 78S)
Batting: LHB Charles-Antoine Champagne 0-0: Sac Bunt - play at first, batter OUT! 1-4
Jorge Díaz to second
Batting: RHB Pete Rideout 0-0: TRIPLE (Line Drive, 78M)
Jorge Díaz scores
Batting: RHB Ramón Ruíz 0-0: Ball
1-0: Ball
2-0: SINGLE (Groundball, 56D)
Pete Rideout scores
Pitching: LHP Robin Wilder
Batting: LHB Francisco Calderón 0-0: Ball
1-0: Ball
2-0: Called Strike
2-1: Ball
3-1: Swinging Strike
3-2: Foul Ball, location: 2F
3-2: Foul Ball, location: 2F
3-2: Foul Ball, location: 2F
3-2: Strikes out swinging
Batting: RHB Cory Foster 0-0: Ball
1-0: Called Strike
1-1: Ball
2-1: Foul Ball, location: 2F
2-2: Foul Ball, location: 2F
2-2: Foul Ball, location: 2F
2-2: Ball
3-2: Foul Ball, location: 2F
3-2: Foul Ball, location: 2F
3-2: Foul Ball, location: 2F
3-2: Base on Balls
Ramón Ruíz to second
Batting: LHB John Peterson 0-0: Ball
Wild Pitch!
Ramón Ruíz to third
Cory Foster to second
1-0: Ball
Wild Pitch!
Ramón Ruíz scores
Cory Foster to third
2-0: Ball
3-0: Called Strike
3-1: Base on Balls
Batting: RHB Michael Elliott 0-0: Called Strike
0-1: Ball
1-1: Swinging Strike
1-2: Ball
2-2: Ball
Throwing error on steal attempt, E2
Cory Foster scores
John Peterson to third
3-2: Strikes out swinging
Top of the 7th over - 4 run(s), 3 hit(s), 1 error(s), 1 left on base; San Francisco 6 - Maui 2
BOTTOM OF THE 7TH
Maui Tropics batting - Pitching for San Francisco Bandits : RHP Mal Park
Batting: RHB Enrique Flores 0-0: Called Strike
0-1: DOUBLE (Groundball, 5L)
Batting: LHB Luis Antonio Torres 0-0: Called Strike
0-1: DOUBLE (Flyball, 9LM)
Enrique Flores scores
Batting: RHB Ximena Campos 0-0: Called Strike
0-1: Ground out 5-3 (Groundball, 5L)
Batting: RHB Phil White 0-0: SINGLE (Line Drive, 56)
Luis Antonio Torres to third
Runner from 3rd tries for Home, SAFE, throw made home
Phil White to second
Pitching: RHP José Rivera
Now in LF: Félix Sánchez
Batting: RHB Pat Haynes 0-0: Ball
1-0: SINGLE (Line Drive, 6MD)
Phil White to third
Runner from 3rd tries for Home, SAFE, no throw or cutoff
Batting: LHB Javier Espinoza 0-0: Called Strike
0-1: Ball
1-1: Grounds into double play, 6-4-3 (Groundball, 6)
Bottom of the 7th over - 3 run(s), 4 hit(s), 0 error(s), 0 left on base; San Francisco 6 - Maui 5
TOP OF THE 8TH
San Francisco Bandits batting - Pitching for Maui Tropics : LHP Robin Wilder
Batting: RHB Susumu Sugiyama 0-0: Ball
1-0: Swinging Strike
1-1: Fly out, F8 (Flyball, 8LXD)
Batting: RHB Jorge Díaz 0-0: Ball
1-0: Ground out 1-3 (Groundball, 15S)
Batting: LHB Charles-Antoine Champagne 0-0: Ground out 4-3 (Groundball, 4M)
Top of the 8th over - 0 run(s), 0 hit(s), 0 error(s), 0 left on base; San Francisco 6 - Maui 5
BOTTOM OF THE 8TH
Maui Tropics batting - Pitching for San Francisco Bandits : RHP José Rivera
Pitching: RHP Carlos Ruíz
Batting: LHB Mario Olivares 0-0: Called Strike
0-1: Ball
1-1: Swinging Strike
1-2: Ball
2-2: Foul Ball, location: 2F
2-2: Foul Ball, location: 2F
2-2: Strikes out swinging
Batting: LHB Doyle Otterburn 0-0: Ball
1-0: Ball
2-0: Ground out 4-3 (Groundball, 4)
Batting: RHB Armando Martínez 0-0: DOUBLE (Line Drive, 3D)
Batting: RHB Enrique Flores 0-0: Ground out 5-3 (Groundball, 56)
Bottom of the 8th over - 0 run(s), 1 hit(s), 0 error(s), 1 left on base; San Francisco 6 - Maui 5
TOP OF THE 9TH
San Francisco Bandits batting - Pitching for Maui Tropics : LHP Robin Wilder
Batting: RHB Pete Rideout 0-0: Called Strike
0-1: Ball
1-1: Foul Ball, location: 2F
1-2: Fly out, F7 (Flyball, 7M)
Batting: RHB Ramón Ruíz 0-0: Ground out 6-3 (Groundball, 6M)
Batting: LHB Francisco Calderón 0-0: Ball
1-0: Ball
2-0: Called Strike
2-1: Called Strike
2-2: Foul Ball, location: 2F
2-2: Ball
3-2: Base on Balls
Batting: RHB Cory Foster 0-0: Ball
1-0: SINGLE (Line Drive, 8LS)
Francisco Calderón to second
Pitching: RHP Yong-taek Yi
Batting: RHB Félix Sánchez 0-0: Ball
1-0: Ground out 1-3 (Groundball, 13)
Top of the 9th over - 0 run(s), 1 hit(s), 0 error(s), 2 left on base; San Francisco 6 - Maui 5
BOTTOM OF THE 9TH
Maui Tropics batting - Pitching for San Francisco Bandits : RHP Carlos Ruíz
Pitching: RHP Pedro Castillo
Now at 1B: Culley Douglas
Batting: LHB Luis Antonio Torres 0-0: Ball
1-0: Ball
2-0: SINGLE (Groundball, 3)
Pinch Hitting: LHB Juan Jose Rojas 0-0: Ball
1-0: Foul Ball, location: 2F
1-1: Called Strike
1-2: Foul Ball, location: 2F
1-2: SINGLE (Line Drive, 6MD)
Luis Antonio Torres to second
Pinch Runner at 2nd Don Hull:
Pinch Hitting: LHB Henry Huffman 0-0: Called Strike
0-1: Foul Ball, location: 2F
0-2: Strikes out swinging
Batting: RHB Pat Haynes 0-0: Fly out, F3 (Popup, 3F)
Batting: LHB Javier Espinoza 0-0: Fly out, F8 (Flyball, 8RXD)
Bottom of the 9th over - 0 run(s), 2 hit(s), 0 error(s), 2 left on base; San Francisco 6 - Maui 5
This league is powered by Out of the Park Baseball, the baseball management simulation game for PC, Mac and Linux
Saturday, April 9th, 2016 - OOTP Baseball 16.8 Build 38